 Dungeon Sprint DCSS version 0.30.1-1-g62c8e00024 (webtiles) character file.

Game seed: 5525960380694509060

7500000 boopmooplesden the Axe Maniac (level 27, -4/249 HPs)
             Began as a Demonspawn Gladiator on July 16, 2023.
             Was the Champion of Makhleb.
             Killed by divine providence
             ... invoked by an accursed
              (12 damage)
             ... in the Dungeon (Sprint VIII: "Arena of Blood").
             The game lasted 00:04:47 (75 turns).

boopmooplesden the Axe Maniac (Demonspawn Gladiator)  Turns: 75, Time: 00:04:48

Health: -4/249     AC:  8    Str: 26    XL:     27
Magic:  51/51      EV: 39    Int: 11    God:    Makhleb [******]
Gold:   0          SH:  0    Dex: 22    Spells: 75/75 levels left

rFire   . . .        l - +∞ Axe of Woe
rCold   . . .        (shield currently unavailable)
rNeg    . . .        b - +0 leather armour
rPois   .            c - +0 helmet
rElec   .            (no cloak)
rCorr   .            (gloves unavailable)
SInv    .            (no boots)
Will    ++...        (no amulet) Stlth ***+++++++
                     (no ring)
HPRegen 0.61/turn    (no ring)
MPRegen 0.32/turn

%: no teleportation
@: mighty, agile, slowed, very slow
A: thin skeletal structure 3, demonic guardian 3, powered by pain 3,
augmentation 3, demonic touch 3
a: Renounce Religion, Minor Destruction, Lesser Servant of Makhleb, Major
Destruction, Greater Servant of Makhleb


You were in the Dungeon.
You worshipped Makhleb.
Makhleb was exalted by your worship.
You visited 1 branch

Inventory:

Hand Weapons
 a - a +0 war axe
 l - the +∞ Axe of Woe (weapon)
   (You found it in the Dungeon)
Missiles
 d - 3 throwing nets (quivered)
 e - a javelin
Armour
 b - a +0 leather armour (worn)
 c - a +0 helmet (worn)
Scrolls
 k - a scroll of blinking
Potions
 f - a potion of curing
 g - a potion of heal wounds
 h - a potion of haste
 i - 2 potions of magic
 j - a potion of berserk rage


   Skills:
 O Level 27 Fighting
 + Level 25.7(27) Short Blades
 + Level 24.5(27) Long Blades
 O Level 27 Axes
 + Level 24.5(27) Maces & Flails
 + Level 24.6(27) Polearms
 + Level 24.6(27) Staves
 + Level 24.6 Ranged Weapons
 O Level 27 Throwing
 + Level 24.7 Armour
 O Level 27 Dodging
 O Level 27 Stealth
 + Level 24.7 Shields
 + Level 24.7 Unarmed Combat
 + Level 24.9 Spellcasting
 + Level 26.8 Conjurations
 O Level 27 Hexes
 O Level 27 Summonings
 O Level 27 Necromancy
 + Level 25.7 Translocations
 + Level 25.7 Transmutations
 + Level 26.9 Fire Magic
 + Level 26.9 Ice Magic
 + Level 26.9 Air Magic
 + Level 26.9 Earth Magic
 O Level 27 Poison Magic
 O Level 27 Invocations
 O Level 27 Evocations


You had 75 spell levels left.
You didn't know any spells.
Your spell library was empty.

Dungeon Overview and Level Annotations

Branches:
Dungeon (1/1)

Altars:
Makhleb


Innate Abilities, Weirdness & Mutations

You have an unnaturally thin skeletal structure. (Dex +6, Stealth+++)
A powerful demonic guardian rushes to your aid.
You are powered by pain.
Your magical and physical power is greatly enhanced at high health.
Your touch may irresistibly damage your foes and sap their willpower.


Message History

* * * LOW HITPOINT WARNING * * *
The meat berserker convulses! x3; The bag of meat convulses!
The large bag of meat convulses!
Flame seeps out of the large bag of meat.
The bag of meat convulses! x2
The bag of meat shouts!
The bag of meat convulses!
The bag of meat shouts!
You hear a shout!
The bag of meat attacks as you move away!
The bag of meat hits you with a +9 war axe!
* * * LOW HITPOINT WARNING * * *
A dread, a tyrant and a bag of meat come into view.
You hear a shout! x5
The accursed completely misses you.
The dread calls on the powers of darkness!
Your body is wracked with pain!
* * * LOW HITPOINT WARNING * * *
The bag of meat convulses!
The meat berserker convulses! x3
You hear a shout! x3
A bag of meat comes into view. It is wielding a +9 war axe.
The large bag of meat is engulfed in blazing flames.
You hear a shout!
The meat berserker rages.
The eight-headed meat hydra calls on the powers of darkness!
The eight-headed meat hydra convulses!
The meat berserker convulses! x2
The bag of meat convulses!
The meat berserker convulses!
Your body is wracked with pain!
* * * LOW HITPOINT WARNING * * *
The meat berserker convulses!
The bag of meat convulses! x4
The dread calls on the powers of darkness!
The meat berserker convulses!
The eight-headed meat hydra convulses!
The meat berserker convulses!
The bag of meat convulses!
Your body is wracked with pain!
* * * LOW HITPOINT WARNING * * *
The meat berserker convulses!
The bag of meat convulses!
The meat berserker convulses!
The bag of meat convulses! x2
The bag of meat barely misses you.
The accursed points at you and mumbles some strange words.
Something smites you!
You die...

....####.......
..oo............W....L.
.ooo...............#...
.......................
...o.o...........W..#...
#......o#...............
#....o°°#....°...M..##..
#......)###)))).@.......
...###.))))))°))o..###..
...._...))))))))WO..D..
#.....#)))).)V#O#......
#_.<._#.))).....Oz.....
.#..)..#))))..#.#o#o§O..
...._.).)........○..o.Mo
...###).).)....#.#o#..#V
#.......###.........


o You could see 2 accurseds, a tyrant (wandering), an eight-headed meat hydra, 2
destroyers, a sculptor of flesh, 3 dreads, 4 meat berserkers and 6 bags of meat.

Vanquished Creatures
  3 hell beasts (D)
  3 royal mummies (D)
  A wraith (D)
  9 vampire knights (D)
  31 ogres (D)
  6 two-headed ogres (D)
  3 liches (D)
  68 orcs (D)
  4 skeletal warriors (D)
128 creatures vanquished.

Notes
Turn   | Place    | Note
-------+----------+-------------------------------------------
     0 | D        | Found the +∞ Axe of Woe
     0 | D        | boopmooplesden the Demonspawn Gladiator began the quest for
                  | the Orb.
     0 | D        | Reached XP level 1. HP: 16/16 MP: 1/1
     2 | D        | Noticed a bag of meat
     4 | D        | Became a worshipper of Makhleb the Destroyer
     4 | D        | Noticed a bag of meat
     4 | D        | Noticed a bag of meat
     5 | D        | Noticed a bag of meat
     6 | D        | Noticed a meat berserker
     8 | D        | Noticed a meat berserker
     8 | D        | Killed a bag of meat
     8 | D        | Noticed a bag of meat
     9 | D        | Reached skill level 15 in Axes
     9 | D        | Gained mutation: You have a somewhat thin skeletal
                  | structure. (Dex +2, Stealth+) [demonic ancestry]
     9 | D        | Reached XP level 2. HP: 34/34 MP: 2/2
     9 | D        | Gained mutation: You have a moderately thin skeletal
                  | structure. (Dex +4, Stealth++) [demonic ancestry]
     9 | D        | Reached XP level 3. HP: 39/39 MP: 3/3
     9 | D        | Gained mutation: Your touch may inflict minor irresistible
                  | damage on your foes. [demonic ancestry]
     9 | D        | Reached XP level 4. HP: 46/46 MP: 4/4
     9 | D        | Gained mutation: You sometimes gain a little power by
                  | taking damage. [demonic ancestry]
     9 | D        | Reached XP level 5. HP: 52/52 MP: 5/5
     9 | D        | Reached XP level 6. HP: 58/58 MP: 6/6
     9 | D        | Gained mutation: You have an unnaturally thin skeletal
                  | structure. (Dex +6, Stealth+++) [demonic ancestry]
     9 | D        | Reached XP level 7. HP: 64/64 MP: 7/7
     9 | D        | Reached XP level 8. HP: 71/71 MP: 8/8
     9 | D        | Reached XP level 9. HP: 76/76 MP: 9/9
     9 | D        | Gained mutation: Your touch may inflict irresistible damage
                  | on your foes. [demonic ancestry]
     9 | D        | Reached XP level 10. HP: 83/83 MP: 10/10
     9 | D        | Noticed a bag of meat
     9 | D        | Killed a meat berserker
     9 | D        | Reached * piety under Makhleb
     9 | D        | Killed a bag of meat
     9 | D        | Killed a bag of meat
     9 | D        | Noticed a meat berserker
    10 | D        | Gained mutation: Your touch may irresistibly damage your
                  | foes and sap their willpower. [demonic ancestry]
    10 | D        | Reached XP level 11. HP: 98/98 MP: 11/11
    10 | D        | Reached XP level 12. HP: 105/105 MP: 12/12
    10 | D        | Reached XP level 13. HP: 111/111 MP: 13/13
    10 | D        | Killed a meat berserker
    10 | D        | Reached ** piety under Makhleb
    11 | D        | Reached XP level 14. HP: 121/121 MP: 14/14
    11 | D        | Noticed a bag of meat
    11 | D        | Noticed a meat berserker
    14 | D        | Noticed a meat berserker
    14 | D        | Noticed a meat berserker
    14 | D        | Noticed a bag of meat
    14 | D        | Noticed a meat berserker
    14 | D        | Noticed a bag of meat
    15 | D        | Killed a meat berserker
    15 | D        | Noticed a meat berserker
    15 | D        | Noticed a meat berserker
    16 | D        | Reached skill level 15 in Fighting
    16 | D        | Killed a bag of meat
    16 | D        | Killed a meat berserker
    16 | D        | Reached *** piety under Makhleb
    16 | D        | Killed a meat berserker
    16 | D        | Noticed a bag of meat
    17 | D        | Reached skill level 27 in Axes
    17 | D        | Gained mutation: A weak demonic guardian rushes to your
                  | aid. [demonic ancestry]
    17 | D        | Reached XP level 15. HP: 86/139 MP: 15/15
    17 | D        | Noticed a meat berserker
    19 | D        | Killed a meat berserker
    19 | D        | Reached **** piety under Makhleb
    19 | D        | Killed a meat berserker
    19 | D        | Noticed a meat berserker
    20 | D        | Reached skill level 27 in Dodging
    20 | D        | Gained mutation: A demonic guardian rushes to your aid.
                  | [demonic ancestry]
    20 | D        | Reached XP level 16. HP: 10/166 MP: 16/16
    20 | D        | Noticed a large bag of meat
    20 | D        | Killed a meat berserker
    20 | D        | Killed a meat berserker
    20 | D        | Reached ***** piety under Makhleb
    21 | D        | Reached skill level 27 in Fighting
    21 | D        | Reached XP level 17. HP: 57/174 MP: 17/17
    21 | D        | Noticed a meat berserker
    23 | D        | Noticed a meat berserker
    24 | D        | Reached skill level 27 in Throwing
    24 | D        | Killed a meat berserker
    25 | D        | Noticed a destroyer
    25 | D        | Noticed a meat berserker
    26 | D        | Killed a meat berserker
    26 | D        | Killed a meat berserker
    26 | D        | Noticed a meat berserker
    27 | D        | Reached skill level 27 in Stealth
    27 | D        | Reached XP level 18. HP: 182/182 MP: 18/18
    27 | D        | Reached ****** piety under Makhleb
    28 | D        | Reached skill level 1 in Short Blades
    28 | D        | Reached skill level 1 in Long Blades
    28 | D        | Reached skill level 1 in Maces & Flails
    28 | D        | Reached skill level 1 in Polearms
    28 | D        | Reached skill level 1 in Staves
    28 | D        | Reached skill level 1 in Ranged Weapons
    28 | D        | Reached skill level 1 in Armour
    28 | D        | Reached skill level 1 in Shields
    28 | D        | Reached skill level 1 in Unarmed Combat
    28 | D        | Reached skill level 1 in Spellcasting
    28 | D        | Reached skill level 1 in Conjurations
    28 | D        | Reached skill level 1 in Summonings
    28 | D        | Reached skill level 1 in Translocations
    28 | D        | Reached skill level 1 in Transmutations
    29 | D        | Noticed a meat berserker
    29 | D        | Noticed a meat berserker
    29 | D        | Noticed a large bag of meat
    30 | D        | Reached skill level 5 in Invocations
    30 | D        | Noticed a meat berserker
    30 | D        | Noticed a meat berserker
    30 | D        | Noticed a destroyer
    31 | D        | Killed a destroyer
    31 | D        | Killed a meat berserker
    31 | D        | Killed a meat berserker
    32 | D        | Gained mutation: A powerful demonic guardian rushes to your
                  | aid. [demonic ancestry]
    32 | D        | Reached XP level 19. HP: 189/189 MP: 18/28
    32 | D        | Killed a destroyer
    32 | D        | Noticed a large bag of meat
    33 | D        | Killed a meat berserker
    34 | D        | Reached skill level 10 in Hexes
    34 | D        | Reached skill level 10 in Poison Magic
    34 | D        | Reached skill level 10 in Evocations
    34 | D        | Reached XP level 20. HP: 197/197 MP: 18/32
    34 | D        | Killed a large bag of meat
    34 | D        | Noticed a meat berserker
    35 | D        | Reached skill level 10 in Necromancy
    35 | D        | Reached skill level 10 in Fire Magic
    35 | D        | Reached skill level 10 in Ice Magic
    35 | D        | Reached skill level 10 in Air Magic
    35 | D        | Reached skill level 10 in Earth Magic
    35 | D        | Noticed a large bag of meat
    35 | D        | HP: 6/197 [meat berserker/+9 battleaxe (68)]
    36 | D        | Killed a meat berserker
    36 | D        | Killed a meat berserker
    36 | D        | Killed a meat berserker
    37 | D        | Reached skill level 10 in Short Blades
    37 | D        | Reached skill level 10 in Long Blades
    37 | D        | Reached skill level 10 in Maces & Flails
    37 | D        | Reached skill level 10 in Polearms
    37 | D        | Reached skill level 10 in Staves
    37 | D        | Reached skill level 10 in Ranged Weapons
    37 | D        | Reached skill level 10 in Armour
    37 | D        | Reached skill level 10 in Shields
    37 | D        | Reached skill level 10 in Unarmed Combat
    37 | D        | Reached skill level 10 in Spellcasting
    37 | D        | Reached skill level 10 in Translocations
    37 | D        | Reached skill level 10 in Transmutations
    37 | D        | Reached XP level 21. HP: 93/204 MP: 19/35
    38 | D        | Killed a large bag of meat
    38 | D        | Noticed a destroyer
    40 | D        | Killed a large bag of meat
    40 | D        | Noticed a large bag of meat
    42 | D        | Noticed a destroyer
    43 | D        | Reached skill level 15 in Hexes
    43 | D        | Reached skill level 15 in Poison Magic
    43 | D        | Reached skill level 15 in Evocations
    43 | D        | Gained mutation: Your magical and physical power is
                  | slightly enhanced at high health. [demonic ancestry]
    43 | D        | Reached XP level 22. HP: 200/212 MP: 20/38
    43 | D        | Killed a large bag of meat
    44 | D        | Reached skill level 15 in Necromancy
    44 | D        | Noticed a destroyer
    44 | D        | Noticed a destroyer
    45 | D        | Noticed a destroyer
    46 | D        | Reached skill level 15 in Fire Magic
    46 | D        | Reached skill level 15 in Ice Magic
    46 | D        | Reached skill level 15 in Air Magic
    46 | D        | Reached skill level 15 in Earth Magic
    46 | D        | Killed a destroyer
    46 | D        | Noticed a destroyer
    47 | D        | Reached skill level 15 in Conjurations
    47 | D        | Reached skill level 15 in Summonings
    48 | D        | Gained mutation: You sometimes gain power by taking damage.
                  | [demonic ancestry]
    48 | D        | Reached XP level 23. HP: 219/219 MP: 31/41
    48 | D        | Killed a destroyer
    48 | D        | Killed a destroyer
    49 | D        | Reached skill level 15 in Short Blades
    49 | D        | Reached skill level 15 in Long Blades
    49 | D        | Reached skill level 15 in Maces & Flails
    49 | D        | Reached skill level 15 in Polearms
    49 | D        | Reached skill level 15 in Staves
    49 | D        | Reached skill level 15 in Ranged Weapons
    49 | D        | Reached skill level 15 in Armour
    49 | D        | Reached skill level 15 in Shields
    49 | D        | Reached skill level 15 in Unarmed Combat
    49 | D        | Reached skill level 15 in Spellcasting
    49 | D        | Reached skill level 15 in Translocations
    49 | D        | Reached skill level 15 in Transmutations
    50 | D        | Killed a destroyer
    50 | D        | Killed a destroyer
    51 | D        | Gained mutation: Your magical and physical power is
                  | enhanced at high health. [demonic ancestry]
    51 | D        | Reached XP level 24. HP: 227/227 MP: 32/43
    51 | D        | Noticed a large bag of meat
    54 | D        | Killed a destroyer
    54 | D        | Noticed a tyrant
    55 | D        | Reached skill level 27 in Invocations
    55 | D        | Reached XP level 25. HP: 234/234 MP: 32/45
    55 | D        | Noticed an accursed
    56 | D        | Killed a large bag of meat
    56 | D        | Noticed an accursed
    59 | D        | Gained mutation: Your magical and physical power is greatly
                  | enhanced at high health. [demonic ancestry]
    59 | D        | Reached XP level 26. HP: 225/242 MP: 45/46
    59 | D        | Noticed a meat beast
    59 | D        | Killed a large bag of meat
    59 | D        | Noticed an accursed
    61 | D        | Noticed a meat beast
    61 | D        | Killed a meat beast
    62 | D        | Noticed a dread
    62 | D        | Noticed a tyrant
    62 | D        | Noticed a large bag of meat
    63 | D        | Killed a meat beast
    63 | D        | Killed a tyrant
    63 | D        | Noticed a destroyer
    63 | D        | Noticed a tyrant
    64 | D        | Gained mutation: You are powered by pain. [demonic
                  | ancestry]
    64 | D        | Reached XP level 27. HP: 162/249 MP: 47/48
    64 | D        | Noticed an accursed
    66 | D        | Killed a dread
    67 | D        | Noticed a dread
    67 | D        | Noticed an accursed
    67 | D        | Noticed a destroyer
    68 | D        | Killed a destroyer
    69 | D        | Noticed a meat beast
    69 | D        | Killed an accursed
    70 | D        | Reached skill level 27 in Necromancy
    70 | D        | Noticed a dread
    71 | D        | Killed an accursed
    72 | D        | Reached skill level 27 in Hexes
    72 | D        | Reached skill level 27 in Poison Magic
    72 | D        | Reached skill level 27 in Evocations
    72 | D        | Killed a tyrant
    72 | D        | Killed a meat beast
    73 | D        | Reached skill level 27 in Summonings
    73 | D        | Killed an accursed
    73 | D        | Killed a tyrant
    75 | D        | Noticed a dread
    75 | D        | Noticed a tyrant
    75 | D        | HP: 8/249 [??? (5)]
    75 | D        | Killed from afar by an accursed

Illustrated notes

Levels and vault maps discovered:
D:        meatsprint

Skill      XL: |  1  2  3  4  5  6  7  8  9 10 11 12 13 14 15 16 17 18 19 20 21 22 23 24 25 26 27 |
---------------+----------------------------------------------------------------------------------+-----
Fighting       | 9 13 14 19 26 27 | 27.0
Axes           | 15 22 23 27 | 27.0
Throwing       | 7 11 13 17 24 27 | 27.0
Dodging        | 14 20 21 25 27 | 27.0
Stealth        | 27 | 27.0
Short Blades   | 6 8 10 12 14 16 18 19 22 25 | 25.7
Long Blades    | 6 8 10 12 14 16 18 19 21 24 | 24.5
Maces & Flails | 6 8 10 12 14 16 18 19 21 24 | 24.5
Polearms       | 6 8 10 12 14 16 18 19 21 24 | 24.6
Staves         | 6 8 10 12 14 16 18 19 21 24 | 24.6
Ranged Weapons | 6 8 10 12 14 16 18 19 21 24 | 24.6
Armour         | 6 8 10 12 14 16 18 19 21 24 | 24.7
Shields        | 6 8 10 12 14 16 18 19 21 24 | 24.7
Unarmed Combat | 6 8 10 12 14 16 18 19 21 24 | 24.7
Spellcasting   | 6 8 10 12 14 16 18 19 21 24 | 24.9
Conjurations   | 6 9 11 13 15 18 19 20 23 26 | 26.8
Hexes          | 7 10 12 15 17 20 21 23 25 27 | 27.0
Summonings     | 6 9 11 13 15 18 19 21 23 27 | 27.0
Necromancy     | 7 9 12 14 17 19 21 22 25 27 | 27.0
Translocations | 6 8 10 12 14 16 18 19 22 25 | 25.7
Transmutations | 6 8 10 12 14 16 18 19 22 25 | 25.7
Fire Magic     | 6 9 11 14 16 18 20 21 23 26 | 26.9
Ice Magic      | 6 9 11 14 16 18 20 21 23 26 | 26.9
Air Magic      | 6 9 11 14 16 18 20 21 23 26 | 26.9
Earth Magic    | 6 9 11 14 16 18 20 21 23 26 | 26.9
Poison Magic   | 7 10 12 15 17 20 21 23 25 27 | 27.0
Invocations    | 9 13 16 19 22 25 27 | 27.0
Evocations     | 7 10 12 15 17 20 21 23 25 27 | 27.0

Action                     |  1- 3 |  4- 6 |  7- 9 | 10-12 | 13-15 | 16-18 | 19-21 | 22-24 | 25-27 || total
---------------------------+-------+-------+-------+-------+-------+-------+-------+-------+-------++-------
  Melee: Executioner's axe |     1 |       |       |     1 |     5 |     8 |     9 |    10 |    15 ||    49
  Dodge: Dodged            |       |       |       |       |     2 |       |       |       |     4 ||     6
